Red Wings vs Stars

Created - 6 novembre 2023 at 21:52

Goals
1 2 3 OT1 SO T
Red Wings 1 0 3 0 0 4
Stars 0 2 2 0 1 5
Shots
1 2 3 OT1 SO T
Red Wings 12 9 12 2 3 35
Stars 9 11 15 0 3 35

GoalsPenalties
1st period
1. Red Wings , Vincent Trocheck 7 (Brock Nelson 14) at 8:07 (PP)
Jamie Benn (DAL) for Cross-checking (Minor) at 8:01
Brady Tkachuk (DET) for Hooking (Minor) at 15:11
2nd period
2. Stars , Jamie Benn 13 (Calle Jarnkrok 13, Jordan Staal 18) at 3:43
3. Stars , Joe Pavelski 16 (Conor Sheary 9) at 13:07
Hampus Lindholm (DET) for Interference (Minor) at 3:50
Jamie Benn (DAL) for Tripping (Minor) at 8:38
3rd period
4. Red Wings , Yegor Sharangovich 9 (Kevin Hayes 10) at 2:29
5. Red Wings , Jeff Carter 5 (Kevin Hayes 11, Yegor Sharangovich 13) at 9:34
6. Stars , Evgenii Dadonov 6 (Calle Jarnkrok 14, Mark Giordano 11) at 11:16 (PP)
7. Red Wings , Jeff Carter 6 (Hampus Lindholm 12) at 11:24
8. Stars , Jamie Benn 14 (Calle Jarnkrok 15, Joe Pavelski 9) at 14:13
Dmitry Kulikov (DAL) for Roughing (Minor) at 3:29
Luke Schenn (DET) for Tripping (Minor) at 10:59
Overtime #1
No Goal
Shootout
Red Wings, Brock Nelson - Shot Misses the Net
Stars, Jamie Benn - Shot Hit the Post
Red Wings, Brady Tkachuk - Stopped by Philipp Grubauer
Stars, Joe Pavelski - Stopped by Igor Shesterkin
Red Wings, Dylan Cozens - Stopped by Philipp Grubauer
Stars, Shayne Gostisbehere - Goal!
Goalie Stats
Igor Shesterkin (DET), 31 saves from 35 shots - (0,886), OTL, 18-3-3, 65:00 minutes
Philipp Grubauer (DAL), 31 saves from 35 shots - (0,886), W, 15-7-3, 65:00 minutes
3 StarsOfficial
1 - Jeff Carter (DET)
2 - Yegor Sharangovich (DET)
3 - Kevin Hayes (DET)
Referees : Amanda Tasson and Jon McIsaac
Linesman : Steve Barton and Tyson Baker
Game Note
14:34 of 1st period - Stars goal is going for a video replay. After video review, No Goal. The puck has been kicked using a distinct kicking motion.
Finance
Level 1 -- Attendance: 5621 (91%) -- Ticket Income $505,890
Level 2 -- Attendance: 5147 (99%) -- Ticket Income $257,350
Level 3 -- Attendance: 2432 (86%) -- Ticket Income $97,280
Level 4 -- Attendance: 4300 (100%) -- Ticket Income $64,500
Luxury Box -- Attendance: 1023 (97%) -- Ticket Income $184,140
Game was played at the American Airlines Center.
Total Attendance: 18523 (95%)
Total Ticket Income: $1,109,160
Other Income: $332,748
Total Income: $1,441,908



Team Name Goals Shots Shots Attemp Shots Blocked PIM HIT PP PK FO%
Red Wings 43563196161 / 3 (33%)139%
Stars 5358696261 / 3 (33%)161%

Red Wings
Player Name POS G A P +/- PIM HIT SHT SB MP PP MP PP SHT PK MP PK SHT FO% FOT GA TA
Alec MartinezD0000011124:570:0002:3600% 002
Braden SchneiderD000-1001012:240:3100:5400% 000
Brady TkachukLW000-2214219:061:5700:1600% 500
Brock NelsonC/LW011-1013221:362:0710:1600% 100
Casey CizikasC000002018:500:0002:18067% 600
Dominik KubalikLW/RW000000117:490:0000:0000% 000
Dylan CozensC/LW000-2003016:541:5700:00026% 1910
Hampus LindholmD0110212225:052:1501:2600% 000
Jalen ChatfieldD000-1000214:510:0001:3900% 012
Jeff CarterC/RW2023025013:190:0000:00050% 413
Kevin HayesC0223012316:521:4900:00063% 1600
Luke SchennD0001222124:122:1501:2500% 000
Owen PowerD0001001122:091:1800:3000% 000
Owen TippettRW000-1001019:132:0700:0000% 101
Sean KuralyC/LW000001108:430:0001:4100% 000
Vincent TrocheckC/RW101-1023220:542:0711:41041% 2200
Yanni GourdeC/LW/RW000-2022119:241:5702:1800% 210
Yegor SharangovichC/LW/RW1123003014:240:0000:0000% 100
Stars
Player Name POS G A P +/- PIM HIT SHT SB MP PP MP PP SHT PK MP PK SHT FO% FOT GA TA
Calle JarnkrokLW/RW0331004022:082:0210:24050% 220
Conor ShearyLW/RW011-1001017:462:1300:0000% 100
Dmitry KulikovD0000210215:390:0001:0200% 000
Evgenii DadonovLW/RW101-1025019:422:1510:00033% 301
Jamie BennC/LW2021416121:202:0210:15063% 1900
Jaycob MegnaD0000000113:480:0000:1600% 000
Joe PavelskiC/RW112-1024019:442:0200:04065% 2620
Joel ArmiaLW/RW0000021111:150:0000:0000% 100
Jordan MartinookLW/RW0000002013:280:0002:0700% 010
Jordan StaalC/LW0111033020:212:1302:03025% 410
Kris LetangD0001031126:302:0001:5100% 000
Liam O'BrienLW000001209:030:0000:0000% 000
Mark GiordanoD011-1041021:122:1501:3900% 001
Nick BjugstadC/RW0000012014:352:1311:33069% 1300
Nick BoninoC/LW0000011211:350:0001:42075% 810
Ryan SuterD000-1021122:320:0002:1300% 002
Shayne GostisbehereD0001031023:082:0001:0700% 010
Tyler PitlickRW000000007:070:0000:0000% 000

Red Wings

5 vs 5 Forward
Line #Left WingCenterRight WingPHYDFOFWanted %Time %Time Play
1Brock NelsonVincent TrocheckOwen Tippett0323434%17:39
2Brady TkachukDylan CozensYanni Gourde0323029%14:44
3Yegor SharangovichKevin HayesJeff Carter0322626%13:19
4Sean KuralyCasey CizikasDominik Kubalik0321012%5:59
5 vs 5 Defense
Line #DefenseDefensePHYDFOFWanted %Time %Time Play
1Hampus LindholmAlec Martinez0323839%20:04
2Owen PowerLuke Schenn0323839%20:21
3Jalen ChatfieldBraden Schneider0322021%10:49
4Hampus LindholmAlec Martinez03241%0:27
Power Play Forward
Line #Left WingCenterRight WingPHYDFOFWanted %Time %Time Play
1Brock NelsonVincent TrocheckOwen Tippett1045552%2:07
2Brady TkachukDylan CozensYanni Gourde1044548%1:57
Power Play Defense
Line #DefenseDefensePHYDFOFWanted %Time %Time Play
1Hampus LindholmLuke Schenn0145555%2:15
2Owen PowerKevin Hayes0144545%1:49
Penalty Kill 4 Players Forward
Line #CenterWingPHYDFOFWanted %Time %Time Play
1Casey CizikasYanni Gourde1405460%2:34
2Vincent TrocheckSean Kuraly1404640%1:41
Penalty Kill 4 Players Defense
Line #DefenseDefensePHYDFOFWanted %Time %Time Play
1Hampus LindholmAlec Martinez1405467%2:50
2Jalen ChatfieldLuke Schenn1404633%1:25
Penalty Kill 3 Players
Line #WingPHYDFOFWanted %Time %Time PlayDefenseDefensePHYDFOFWanted %Time %Time Play
1Yanni Gourde140510%0:00 Hampus LindholmAlec Martinez140510%0:00
2Casey Cizikas140490%0:00 Jalen ChatfieldLuke Schenn140490%0:00
4 vs 4 Forward
Line #CenterWingPHYDFOFWanted %Time %Time Play
1Vincent TrocheckBrock Nelson032550%0:00
2Dylan CozensYanni Gourde032450%0:00
4 vs 4 Defense
Line #DefensePHYDFOFWanted %Time %Time Play
1Hampus LindholmAlec Martinez032550%0:00
2Owen PowerLuke Schenn032450%0:00
Last Minutes Offensive
Left WingCenterRight WingDefenseDefense
Brock NelsonVincent TrocheckBrady TkachukHampus LindholmLuke Schenn
Last Minutes Defensive
Left WingCenterRight WingDefenseDefense
Sean KuralyVincent TrocheckYanni GourdeHampus LindholmAlec Martinez
Time
Total ForwardTotal DefenseLast Minutes OffensiveLast Minutes Defensive
60:00 60:00 0:000:00
Extra Forwards
Normal PowerPlayPenalty Kill
Brock Nelson, Vincent Trocheck, Yanni GourdeYegor Sharangovich, Jeff CarterBrock Nelson
Extra Defensemen
Normal PowerPlayPenalty Kill
Hampus Lindholm, Alec Martinez, Luke SchennBraden Schneider, Braden SchneiderOwen Power
Penalty Shots
Brock Nelson, Brady Tkachuk, Dylan Cozens, Vincent Trocheck, Yanni Gourde
Goalie
Igor Shesterkin, Martin Jones
Scratches
Brett Howden (Healthy), Mike Matheson (Torn Left Knee Ligaments Injury), Kent Johnson (Healthy)

Stars

5 vs 5 Forward
Line #Left WingCenterRight WingPHYDFOFWanted %Time %Time Play
1Jordan StaalJamie BennCalle Jarnkrok0233634%17:33
2Conor ShearyJoe PavelskiEvgenii Dadonov0233431%15:46
3Joel ArmiaNick BjugstadJordan Martinook0412522%11:15
4Liam O'BrienNick BoninoTyler Pitlick140514%7:07
5 vs 5 Defense
Line #DefenseDefensePHYDFOFWanted %Time %Time Play
1Kris LetangShayne Gostisbehere0323839%20:01
2Mark GiordanoRyan Suter0503536%18:24
3Jaycob MegnaDmitry Kulikov1402726%13:16
4Kris LetangMark Giordano14000%0:00
Power Play Forward
Line #Left WingCenterRight WingPHYDFOFWanted %Time %Time Play
1Calle JarnkrokJamie BennJoe Pavelski0145548%2:02
2Conor ShearyJordan StaalNick Bjugstad0144552%2:13
Power Play Defense
Line #DefenseDefensePHYDFOFWanted %Time %Time Play
1Kris LetangShayne Gostisbehere1225047%2:00
2Mark GiordanoEvgenii Dadonov1225053%2:15
Penalty Kill 4 Players Forward
Line #CenterWingPHYDFOFWanted %Time %Time Play
1Jordan StaalJordan Martinook1405562%2:31
2Nick BoninoNick Bjugstad1404538%1:33
Penalty Kill 4 Players Defense
Line #DefenseDefensePHYDFOFWanted %Time %Time Play
1Kris LetangMark Giordano1405041%1:39
2Ryan SuterDmitry Kulikov1405059%2:25
Penalty Kill 3 Players
Line #WingPHYDFOFWanted %Time %Time PlayDefenseDefensePHYDFOFWanted %Time %Time Play
1Jordan Staal050550%0:00 Kris LetangMark Giordano140500%0:00
2Nick Bonino050450%0:00 Ryan SuterDmitry Kulikov140500%0:00
4 vs 4 Forward
Line #CenterWingPHYDFOFWanted %Time %Time Play
1Jamie BennJordan Staal122500%0:00
2Joe PavelskiConor Sheary122500%0:00
4 vs 4 Defense
Line #DefensePHYDFOFWanted %Time %Time Play
1Kris LetangMark Giordano131550%0:00
2Shayne GostisbehereRyan Suter131450%0:00
Last Minutes Offensive
Left WingCenterRight WingDefenseDefense
Jordan StaalJamie BennJoe PavelskiKris LetangShayne Gostisbehere
Last Minutes Defensive
Left WingCenterRight WingDefenseDefense
Nick BoninoJordan StaalJordan MartinookRyan SuterMark Giordano
Time
Total ForwardTotal DefenseLast Minutes OffensiveLast Minutes Defensive
60:00 60:00 0:000:00
Extra Forwards
Normal PowerPlayPenalty Kill
Conor Sheary, Evgenii Dadonov, Calle JarnkrokJoe Pavelski, Nick BjugstadJamie Benn
Extra Defensemen
Normal PowerPlayPenalty Kill
Jaycob Megna, Kris Letang, Mark GiordanoDmitry Kulikov, Ryan SuterShayne Gostisbehere
Penalty Shots
Jamie Benn, Joe Pavelski, Shayne Gostisbehere, Conor Sheary, Kris Letang
Goalie
Philipp Grubauer, Thomas Greiss
Scratches
None


Play-by-Play

1st period


0:01 of 1st period - Jamie Benn wins face-off versus Vincent Trocheck in neutral zone.
0:04 of 1st period - Wrist shot by Shayne Gostisbehere.
0:04 of 1st period - Shot Misses the Net.
0:06 of 1st period - Snap shot by Jamie Benn.
0:06 of 1st period - Shot Misses the Net.
0:08 of 1st period - Slapshot by Kris Letang.
0:08 of 1st period - Stopped by Igor Shesterkin with a rebound.
0:10 of 1st period - Snap shot by Calle Jarnkrok.
0:10 of 1st period - Stopped by Igor Shesterkin without a rebound.
0:11 of 1st period - Dylan Cozens wins face-off versus Joe Pavelski in Red Wings zone.
0:40 of 1st period - Wrist shot by Jordan Martinook.
0:40 of 1st period - Shot Misses the Net.
0:42 of 1st period - Snap shot by Jordan Martinook.
0:42 of 1st period - Shot Blocked by Kevin Hayes.
0:48 of 1st period - Snap shot by Nick Bjugstad.
0:48 of 1st period - Shot Misses the Net.
1:48 of 1st period - Wrist shot by Dylan Cozens.
1:48 of 1st period - Stopped by Philipp Grubauer without a rebound.
1:49 of 1st period - Jamie Benn wins face-off versus Kevin Hayes in Stars zone.
4:00 of 1st period - Brady Tkachuk is hit by Evgenii Dadonov and loses puck.
4:13 of 1st period - Slapshot by Conor Sheary.
4:13 of 1st period - Stopped by Igor Shesterkin without a rebound.
4:14 of 1st period - Vincent Trocheck wins face-off versus Jamie Benn in Red Wings zone.
4:49 of 1st period - Wrist shot by Yegor Sharangovich.
4:49 of 1st period - Stopped by Philipp Grubauer with a rebound.
4:51 of 1st period - Snap shot by Jeff Carter.
4:51 of 1st period - Shot Misses the Net.
6:00 of 1st period - Jaycob Megna is hit by Alec Martinez and loses puck.
6:13 of 1st period - Slapshot by Jamie Benn.
6:13 of 1st period - Stopped by Igor Shesterkin without a rebound.
6:14 of 1st period - Kevin Hayes wins face-off versus Jamie Benn in Red Wings zone.
6:47 of 1st period - Owen Power is hit by Ryan Suter and loses puck.
7:06 of 1st period - Slapshot by Brady Tkachuk.
7:06 of 1st period - Stopped by Philipp Grubauer without a rebound.
7:07 of 1st period - Nick Bonino wins face-off versus Dylan Cozens in Stars zone.
7:32 of 1st period - Wrist shot by Brady Tkachuk.
7:32 of 1st period - Stopped by Philipp Grubauer with a rebound.
7:34 of 1st period - Wrist shot by Yanni Gourde.
7:34 of 1st period - Deflect By Dylan Cozens.
7:34 of 1st period - Shot Blocked by Nick Bonino.
7:34 of 1st period - Puck is out of play.
7:35 of 1st period - Jamie Benn wins face-off versus Vincent Trocheck in Stars zone.
7:46 of 1st period - Wrist shot by Jamie Benn.
7:46 of 1st period - Shot Misses the Net.
8:01 of 1st period - Minor Penalty to Jamie Benn for Cross-checking.
8:02 of 1st period - Vincent Trocheck wins face-off versus Jordan Staal in Stars zone.
8:07 of 1st period - Snap shot by Vincent Trocheck.
8:07 of 1st period - Goal by Vincent Trocheck - Red Wings : 1 - Stars : 0.
8:08 of 1st period - Joe Pavelski wins face-off versus Dylan Cozens in neutral zone.
8:13 of 1st period - Slapshot by Shayne Gostisbehere.
8:13 of 1st period - Shot Hit the Post.
8:39 of 1st period - Off-side.
8:40 of 1st period - Kevin Hayes wins face-off versus Jamie Benn in neutral zone.
9:01 of 1st period - Owen Power is hit by Jordan Staal.
9:07 of 1st period - Owen Power is hit by Jamie Benn.
9:31 of 1st period - Backhand shot by Kevin Hayes.
9:31 of 1st period - Shot Blocked by Jamie Benn.
10:14 of 1st period - Snap shot by Jeff Carter.
10:14 of 1st period - Stopped by Philipp Grubauer without a rebound.
10:15 of 1st period - Vincent Trocheck wins face-off versus Conor Sheary in Stars zone.
10:26 of 1st period - Wrist shot by Vincent Trocheck.
10:26 of 1st period - Deflect By Owen Tippett.
10:26 of 1st period - Shot Misses the Net.
10:26 of 1st period - Puck is out of play.
10:27 of 1st period - Nick Bjugstad wins face-off versus Vincent Trocheck in Stars zone.
10:53 of 1st period - Jaycob Megna is hit by Casey Cizikas and loses puck.
11:21 of 1st period - Evgenii Dadonov is hit by Brady Tkachuk and loses puck.
11:37 of 1st period - Off-side.
11:38 of 1st period - Nick Bonino wins face-off versus Vincent Trocheck in neutral zone.
12:10 of 1st period - Icing by Luke Schenn.
12:11 of 1st period - Joe Pavelski wins face-off versus Dylan Cozens in Red Wings zone.
12:42 of 1st period - Snap shot by Shayne Gostisbehere.
12:42 of 1st period - Shot Blocked by Yanni Gourde.
12:52 of 1st period - Wrist shot by Brady Tkachuk.
12:52 of 1st period - Shot Misses the Net.
12:54 of 1st period - Snap shot by Yanni Gourde.
12:54 of 1st period - Shot Misses the Net.
12:56 of 1st period - Wrist shot by Brady Tkachuk.
12:56 of 1st period - Stopped by Philipp Grubauer with a rebound.
12:58 of 1st period - Snap shot by Luke Schenn.
12:58 of 1st period - Deflect By Jordan Staal.
12:58 of 1st period - Stopped by Philipp Grubauer without a rebound.
12:59 of 1st period - Vincent Trocheck wins face-off versus Joe Pavelski in Stars zone.
13:00 of 1st period - Wrist shot by Owen Tippett.
13:00 of 1st period - Shot Misses the Net.
13:08 of 1st period - Snap shot by Conor Sheary.
13:08 of 1st period - Shot Misses the Net.
13:26 of 1st period - Hampus Lindholm is hit by Mark Giordano and loses puck.
13:31 of 1st period - Wrist shot by Calle Jarnkrok.
13:31 of 1st period - Shot Blocked by Hampus Lindholm.
13:43 of 1st period - Wrist shot by Vincent Trocheck.
13:43 of 1st period - Shot Hit the Post.
13:53 of 1st period - Snap shot by Brock Nelson.
13:53 of 1st period - Shot Blocked by Jaycob Megna.
13:55 of 1st period - Wrist shot by Brock Nelson.
13:55 of 1st period - Stopped by Philipp Grubauer without a rebound.
13:56 of 1st period - Nick Bjugstad wins face-off versus Brady Tkachuk in Stars zone.
14:32 of 1st period - Slapshot by Shayne Gostisbehere.
14:32 of 1st period - Shot Blocked by Kevin Hayes.
14:34 of 1st period - Snap shot by Evgenii Dadonov.
14:34 of 1st period - Stars goal is going for a video replay.
14:34 of 1st period - The goal is refused. The puck has been kicked using a distinct kicking motion..
14:35 of 1st period - Casey Cizikas wins face-off versus Nick Bjugstad in Red Wings zone.
14:35 of 1st period - Casey Cizikas is hit by Joel Armia.
14:43 of 1st period - Snap shot by Sean Kuraly.
14:43 of 1st period - Stopped by Philipp Grubauer with a rebound.
14:45 of 1st period - Snap shot by Casey Cizikas.
14:45 of 1st period - Shot Misses the Net.
14:47 of 1st period - Snap shot by Hampus Lindholm.
14:47 of 1st period - Deflect By Sean Kuraly.
14:47 of 1st period - Shot Misses the Net.
14:47 of 1st period - Puck is out of play.
14:48 of 1st period - Evgenii Dadonov wins face-off versus Brock Nelson in Stars zone.
14:48 of 1st period - Evgenii Dadonov is hit by Hampus Lindholm.
15:00 of 1st period - Slapshot by Joe Pavelski.
15:00 of 1st period - Stopped by Igor Shesterkin with a rebound.
15:02 of 1st period - Slapshot by Mark Giordano.
15:02 of 1st period - Stopped by Igor Shesterkin without a rebound.
15:03 of 1st period - Nick Bjugstad wins face-off versus Dylan Cozens in Red Wings zone.
15:08 of 1st period - Slapshot by Joel Armia.
15:08 of 1st period - Stopped by Igor Shesterkin without a rebound.
15:09 of 1st period - Dylan Cozens wins face-off versus Joel Armia in Red Wings zone.
15:11 of 1st period - Minor Penalty to Brady Tkachuk for Hooking.
15:12 of 1st period - Jamie Benn wins face-off versus Yanni Gourde in Red Wings zone.
15:53 of 1st period - Wrist shot by Jamie Benn.
15:53 of 1st period - Stopped by Igor Shesterkin without a rebound.
15:54 of 1st period - Casey Cizikas wins face-off versus Jordan Staal in Red Wings zone.
16:07 of 1st period - Slapshot by Conor Sheary.
16:07 of 1st period - Shot Misses the Net.
16:24 of 1st period - Luke Schenn is hit by Shayne Gostisbehere and loses puck.
16:35 of 1st period - Jalen Chatfield is hit by Jordan Staal and loses puck.
16:50 of 1st period - Casey Cizikas is hit by Evgenii Dadonov and loses puck.
17:11 of 1st period - Penalty to Brady Tkachuk is over, Brady Tkachuk is back on ice.
17:11 of 1st period - Casey Cizikas is hit by Nick Bjugstad.
17:14 of 1st period - Off-side.
17:15 of 1st period - Kevin Hayes wins face-off versus Nick Bonino in neutral zone.
17:20 of 1st period - Wrist shot by Jeff Carter.
17:20 of 1st period - Shot Blocked by Dmitry Kulikov.
17:46 of 1st period - Backhand shot by Evgenii Dadonov.
17:46 of 1st period - Shot Misses the Net.
18:42 of 1st period - Snap shot by Yegor Sharangovich.
18:42 of 1st period - Shot Blocked by Nick Bonino.
18:44 of 1st period - Backhand shot by Jeff Carter.
18:44 of 1st period - Stopped by Philipp Grubauer with a rebound.
18:59 of 1st period - Joel Armia is hit by Vincent Trocheck and loses puck.
19:14 of 1st period - Snap shot by Dylan Cozens.
19:14 of 1st period - Stopped by Philipp Grubauer with a rebound.
19:16 of 1st period - Snap shot by Yanni Gourde.
19:16 of 1st period - Shot Misses the Net.
19:18 of 1st period - Snap shot by Brady Tkachuk.
19:18 of 1st period - Shot Misses the Net.
19:20 of 1st period - Slapshot by Alec Martinez.
19:20 of 1st period - Shot Blocked by Ryan Suter.
Goals for this period are 1 for Red Wings vs 0 for Stars.
Shots for this period are 12 for Red Wings vs 9 for Stars.

2nd period


0:01 of 2nd period - Joe Pavelski wins face-off versus Vincent Trocheck in neutral zone.
0:04 of 2nd period - Snap shot by Conor Sheary.
0:04 of 2nd period - Deflect By Joe Pavelski.
0:04 of 2nd period - Shot Blocked by Hampus Lindholm.
0:04 of 2nd period - Puck is out of play.
0:05 of 2nd period - Vincent Trocheck wins face-off versus Joe Pavelski in Red Wings zone.
1:04 of 2nd period - Off-side.
1:05 of 2nd period - Joe Pavelski wins face-off versus Vincent Trocheck in neutral zone.
1:32 of 2nd period - Jamie Benn is hit by Yanni Gourde and loses puck.
1:43 of 2nd period - Snap shot by Dylan Cozens.
1:43 of 2nd period - Stopped by Philipp Grubauer without a rebound.
1:44 of 2nd period - Joe Pavelski wins face-off versus Kevin Hayes in Stars zone.
2:30 of 2nd period - Icing by Calle Jarnkrok.
2:31 of 2nd period - Jamie Benn wins face-off versus Dylan Cozens in Stars zone.
2:37 of 2nd period - Off-side.
2:38 of 2nd period - Vincent Trocheck wins face-off versus Joe Pavelski in neutral zone.
2:41 of 2nd period - Slapshot by Hampus Lindholm.
2:41 of 2nd period - Stopped by Philipp Grubauer with a rebound.
2:43 of 2nd period - Slapshot by Vincent Trocheck.
2:43 of 2nd period - Stopped by Philipp Grubauer without a rebound.
2:44 of 2nd period - Joe Pavelski wins face-off versus Vincent Trocheck in Stars zone.
3:10 of 2nd period - Off-side.
3:11 of 2nd period - Dylan Cozens wins face-off versus Jamie Benn in neutral zone.
3:16 of 2nd period - Slapshot by Brady Tkachuk.
3:16 of 2nd period - Shot Misses the Net.
3:43 of 2nd period - Snap shot by Jamie Benn.
3:43 of 2nd period - Goal by Jamie Benn - Red Wings : 1 - Stars : 1.
3:44 of 2nd period - Kevin Hayes wins face-off versus Joe Pavelski in neutral zone.
3:50 of 2nd period - Minor Penalty to Hampus Lindholm for Interference.
3:51 of 2nd period - Casey Cizikas wins face-off versus Jamie Benn in Red Wings zone.
4:22 of 2nd period - Snap shot by Conor Sheary.
4:22 of 2nd period - Shot Misses the Net.
4:24 of 2nd period - Backhand shot by Evgenii Dadonov.
4:24 of 2nd period - Shot Misses the Net.
4:26 of 2nd period - Snap shot by Nick Bjugstad.
4:26 of 2nd period - Shot Misses the Net.
4:28 of 2nd period - Slapshot by Nick Bjugstad.
4:28 of 2nd period - Stopped by Igor Shesterkin with a rebound.
5:50 of 2nd period - Penalty to Hampus Lindholm is over, Hampus Lindholm is back on ice.
5:54 of 2nd period - Yanni Gourde is hit by Shayne Gostisbehere.
6:05 of 2nd period - Kris Letang is hit by Casey Cizikas and loses puck.
6:22 of 2nd period - Dmitry Kulikov is hit by Jeff Carter.
6:36 of 2nd period - Yegor Sharangovich is hit by Ryan Suter and loses puck.
6:57 of 2nd period - Jordan Staal is hit by Brock Nelson and loses puck.
8:38 of 2nd period - Minor Penalty to Jamie Benn for Tripping.
8:39 of 2nd period - Vincent Trocheck wins face-off versus Jordan Staal in Stars zone.
8:40 of 2nd period - Snap shot by Brock Nelson.
8:40 of 2nd period - Stopped by Philipp Grubauer with a rebound.
9:15 of 2nd period - Nick Bjugstad is hit by Yanni Gourde and loses puck.
10:38 of 2nd period - Penalty to Jamie Benn is over, Jamie Benn is back on ice.
11:17 of 2nd period - Backhand shot by Jamie Benn.
11:17 of 2nd period - Shot Blocked by Jalen Chatfield.
11:19 of 2nd period - Snap shot by Joe Pavelski.
11:19 of 2nd period - Stopped by Igor Shesterkin with a rebound.
11:21 of 2nd period - Snap shot by Calle Jarnkrok.
11:21 of 2nd period - Shot Misses the Net.
11:23 of 2nd period - Slapshot by Ryan Suter.
11:23 of 2nd period - Shot Blocked by Casey Cizikas.
11:25 of 2nd period - Snap shot by Ryan Suter.
11:25 of 2nd period - Shot Blocked by Jalen Chatfield.
11:27 of 2nd period - Wrist shot by Calle Jarnkrok.
11:27 of 2nd period - Stopped by Igor Shesterkin without a rebound.
11:28 of 2nd period - Nick Bjugstad wins face-off versus Yanni Gourde in Red Wings zone.
11:33 of 2nd period - Slapshot by Nick Bjugstad.
11:33 of 2nd period - Shot Misses the Net.
11:35 of 2nd period - Snap shot by Jordan Martinook.
11:35 of 2nd period - Stopped by Igor Shesterkin without a rebound.
11:36 of 2nd period - Nick Bjugstad wins face-off versus Dylan Cozens in Red Wings zone.
11:37 of 2nd period - Slapshot by Shayne Gostisbehere.
11:37 of 2nd period - Shot Blocked by Brady Tkachuk.
11:39 of 2nd period - Wrist shot by Joel Armia.
11:39 of 2nd period - Deflect By Nick Bjugstad.
11:39 of 2nd period - Stopped by Igor Shesterkin without a rebound.
11:40 of 2nd period - Nick Bjugstad wins face-off versus Vincent Trocheck in Red Wings zone.
12:09 of 2nd period - Backhand shot by Shayne Gostisbehere.
12:09 of 2nd period - Shot Misses the Net.
12:37 of 2nd period - Snap shot by Jamie Benn.
12:37 of 2nd period - Shot Misses the Net.
12:55 of 2nd period - Wrist shot by Nick Bonino.
12:55 of 2nd period - Shot Blocked by Dominik Kubalik.
12:57 of 2nd period - Wrist shot by Nick Bonino.
12:57 of 2nd period - Shot Blocked by Owen Power.
12:59 of 2nd period - Wrist shot by Nick Bonino.
12:59 of 2nd period - Stopped by Igor Shesterkin with a rebound.
13:01 of 2nd period - Snap shot by Liam O'Brien.
13:01 of 2nd period - Stopped by Igor Shesterkin without a rebound.
13:02 of 2nd period - Joe Pavelski wins face-off versus Vincent Trocheck in Red Wings zone.
13:03 of 2nd period - Slapshot by Conor Sheary.
13:03 of 2nd period - Shot Blocked by Brock Nelson.
13:05 of 2nd period - Wrist shot by Conor Sheary.
13:05 of 2nd period - Shot Misses the Net.
13:07 of 2nd period - Wrist shot by Joe Pavelski.
13:07 of 2nd period - Goal by Joe Pavelski - Red Wings : 1 - Stars : 2.
13:08 of 2nd period - Dylan Cozens wins face-off versus Joe Pavelski in neutral zone.
13:11 of 2nd period - Wrist shot by Yanni Gourde.
13:11 of 2nd period - Stopped by Philipp Grubauer without a rebound.
13:12 of 2nd period - Joe Pavelski wins face-off versus Dylan Cozens in Stars zone.
13:41 of 2nd period - Slapshot by Hampus Lindholm.
13:41 of 2nd period - Shot Blocked by Dmitry Kulikov.
14:00 of 2nd period - Icing by Dmitry Kulikov.
14:01 of 2nd period - Jeff Carter wins face-off versus Nick Bjugstad in Stars zone.
14:05 of 2nd period - Slapshot by Owen Power.
14:05 of 2nd period - Shot Misses the Net.
14:07 of 2nd period - Snap shot by Owen Power.
14:07 of 2nd period - Stopped by Philipp Grubauer with a rebound.
14:29 of 2nd period - Luke Schenn is hit by Joe Pavelski and loses puck.
14:38 of 2nd period - Snap shot by Conor Sheary.
14:38 of 2nd period - Shot Blocked by Vincent Trocheck.
14:52 of 2nd period - Wrist shot by Yanni Gourde.
14:52 of 2nd period - Shot Misses the Net.
14:54 of 2nd period - Slapshot by Luke Schenn.
14:54 of 2nd period - Stopped by Philipp Grubauer without a rebound.
14:55 of 2nd period - Dylan Cozens wins face-off versus Nick Bonino in Stars zone.
15:43 of 2nd period - Wrist shot by Brady Tkachuk.
15:43 of 2nd period - Stopped by Philipp Grubauer without a rebound.
15:44 of 2nd period - Kevin Hayes wins face-off versus Joe Pavelski in Stars zone.
16:22 of 2nd period - Wrist shot by Kevin Hayes.
16:22 of 2nd period - Shot Blocked by Joel Armia.
16:34 of 2nd period - Snap shot by Jordan Staal.
16:34 of 2nd period - Stopped by Igor Shesterkin with a rebound.
16:36 of 2nd period - Wrist shot by Jamie Benn.
16:36 of 2nd period - Shot Misses the Net.
18:02 of 2nd period - Vincent Trocheck is hit by Nick Bonino and loses puck.
18:21 of 2nd period - Wrist shot by Joe Pavelski.
18:21 of 2nd period - Stopped by Igor Shesterkin without a rebound.
18:22 of 2nd period - Joe Pavelski wins face-off versus Casey Cizikas in Red Wings zone.
18:51 of 2nd period - Jalen Chatfield is hit by Kris Letang and loses puck.
19:10 of 2nd period - Wrist shot by Kevin Hayes.
19:10 of 2nd period - Stopped by Philipp Grubauer with a rebound.
19:56 of 2nd period - Hampus Lindholm is hit by Mark Giordano and loses puck.
Goals for this period are 0 for Red Wings vs 2 for Stars.
Shots for this period are 9 for Red Wings vs 11 for Stars.

3rd period


0:01 of 3rd period - Jamie Benn wins face-off versus Vincent Trocheck in neutral zone.
0:15 of 3rd period - Snap shot by Jamie Benn.
0:15 of 3rd period - Stopped by Igor Shesterkin without a rebound.
0:16 of 3rd period - Joe Pavelski wins face-off versus Kevin Hayes in Red Wings zone.
0:19 of 3rd period - Wrist shot by Joe Pavelski.
0:19 of 3rd period - Shot Blocked by Kevin Hayes.
0:21 of 3rd period - Wrist shot by Evgenii Dadonov.
0:21 of 3rd period - Shot Misses the Net.
0:23 of 3rd period - Slapshot by Shayne Gostisbehere.
0:23 of 3rd period - Shot Hit the Post.
0:25 of 3rd period - Snap shot by Conor Sheary.
0:25 of 3rd period - Deflect By Joe Pavelski.
0:25 of 3rd period - Shot Misses the Net.
0:25 of 3rd period - Puck is out of play.
0:26 of 3rd period - Joe Pavelski wins face-off versus Jeff Carter in Red Wings zone.
0:29 of 3rd period - Slapshot by Evgenii Dadonov.
0:29 of 3rd period - Stopped by Igor Shesterkin without a rebound.
0:30 of 3rd period - Vincent Trocheck wins face-off versus Calle Jarnkrok in Red Wings zone.
0:30 of 3rd period - Vincent Trocheck is hit by Kris Letang.
1:04 of 3rd period - Wrist shot by Yanni Gourde.
1:04 of 3rd period - Stopped by Philipp Grubauer without a rebound.
1:05 of 3rd period - Joe Pavelski wins face-off versus Dylan Cozens in Stars zone.
1:31 of 3rd period - Dylan Cozens is hit by Mark Giordano and loses puck.
1:42 of 3rd period - Wrist shot by Jordan Martinook.
1:42 of 3rd period - Shot Blocked by Brady Tkachuk.
1:44 of 3rd period - Wrist shot by Nick Bjugstad.
1:44 of 3rd period - Shot Misses the Net.
1:55 of 3rd period - Off-side.
1:56 of 3rd period - Jamie Benn wins face-off versus Vincent Trocheck in neutral zone.
2:19 of 3rd period - Snap shot by Vincent Trocheck.
2:19 of 3rd period - Shot Misses the Net.
2:21 of 3rd period - Wrist shot by Vincent Trocheck.
2:21 of 3rd period - Shot Misses the Net.
2:23 of 3rd period - Wrist shot by Brock Nelson.
2:23 of 3rd period - Shot Misses the Net.
2:25 of 3rd period - Wrist shot by Brock Nelson.
2:25 of 3rd period - Stopped by Philipp Grubauer with a rebound.
2:27 of 3rd period - Snap shot by Braden Schneider.
2:27 of 3rd period - Deflect By Shayne Gostisbehere.
2:27 of 3rd period - Stopped by Philipp Grubauer without a rebound.
2:28 of 3rd period - Kevin Hayes wins face-off versus Evgenii Dadonov in Stars zone.
2:29 of 3rd period - Snap shot by Yegor Sharangovich.
2:29 of 3rd period - Goal by Yegor Sharangovich - Red Wings : 2 - Stars : 2.
2:30 of 3rd period - Joe Pavelski wins face-off versus Kevin Hayes in neutral zone.
2:41 of 3rd period - Wrist shot by Evgenii Dadonov.
2:41 of 3rd period - Shot Misses the Net.
2:47 of 3rd period - Snap shot by Evgenii Dadonov.
2:47 of 3rd period - Stopped by Igor Shesterkin without a rebound.
2:48 of 3rd period - Jamie Benn wins face-off versus Owen Tippett in Red Wings zone.
2:55 of 3rd period - Snap shot by Jamie Benn.
2:55 of 3rd period - Shot Misses the Net.
2:57 of 3rd period - Snap shot by Jordan Staal.
2:57 of 3rd period - Stopped by Igor Shesterkin without a rebound.
2:58 of 3rd period - Vincent Trocheck wins face-off versus Jamie Benn in Red Wings zone.
2:58 of 3rd period - Vincent Trocheck is hit by Jordan Staal.
3:06 of 3rd period - Wrist shot by Brock Nelson.
3:06 of 3rd period - Deflect By Owen Tippett.
3:06 of 3rd period - Stopped by Philipp Grubauer with a rebound.
3:29 of 3rd period - Minor Penalty to Dmitry Kulikov for Roughing.
3:30 of 3rd period - Jordan Staal wins face-off versus Dylan Cozens in Stars zone.
5:05 of 3rd period - Luke Schenn is hit by Mark Giordano and loses puck.
5:29 of 3rd period - Penalty to Dmitry Kulikov is over, Dmitry Kulikov is back on ice.
5:44 of 3rd period - Wrist shot by Casey Cizikas.
5:44 of 3rd period - Deflect By Dominik Kubalik.
5:44 of 3rd period - Deflect By Evgenii Dadonov.
5:44 of 3rd period - Stopped by Philipp Grubauer without a rebound.
5:45 of 3rd period - Joe Pavelski wins face-off versus Kevin Hayes in Stars zone.
5:45 of 3rd period - Joe Pavelski is hit by Kevin Hayes.
6:00 of 3rd period - Off-side.
6:01 of 3rd period - Nick Bjugstad wins face-off versus Vincent Trocheck in neutral zone.
6:27 of 3rd period - Shayne Gostisbehere is hit by Jeff Carter and loses puck.
6:51 of 3rd period - Slapshot by Jamie Benn.
6:51 of 3rd period - Shot Misses the Net.
6:53 of 3rd period - Backhand shot by Jordan Staal.
6:53 of 3rd period - Shot Misses the Net.
6:55 of 3rd period - Snap shot by Shayne Gostisbehere.
6:55 of 3rd period - Deflect By Calle Jarnkrok.
6:55 of 3rd period - Shot Misses the Net.
6:55 of 3rd period - Puck is out of play.
6:56 of 3rd period - Jamie Benn wins face-off versus Brady Tkachuk in Red Wings zone.
6:57 of 3rd period - Backhand shot by Calle Jarnkrok.
6:57 of 3rd period - Shot Hit the Post.
6:59 of 3rd period - Slapshot by Ryan Suter.
6:59 of 3rd period - Stopped by Igor Shesterkin without a rebound.
7:00 of 3rd period - Calle Jarnkrok wins face-off versus Dylan Cozens in Red Wings zone.
7:03 of 3rd period - Wrist shot by Jamie Benn.
7:03 of 3rd period - Shot Misses the Net.
7:05 of 3rd period - Snap shot by Calle Jarnkrok.
7:05 of 3rd period - Stopped by Igor Shesterkin without a rebound.
7:06 of 3rd period - Jamie Benn wins face-off versus Dylan Cozens in Red Wings zone.
7:07 of 3rd period - Slapshot by Calle Jarnkrok.
7:07 of 3rd period - Shot Misses the Net.
7:37 of 3rd period - Snap shot by Jordan Staal.
7:37 of 3rd period - Stopped by Igor Shesterkin without a rebound.
7:38 of 3rd period - Kevin Hayes wins face-off versus Evgenii Dadonov in Red Wings zone.
7:43 of 3rd period - Wrist shot by Yegor Sharangovich.
7:43 of 3rd period - Stopped by Philipp Grubauer with a rebound.
8:07 of 3rd period - Wrist shot by Owen Tippett.
8:07 of 3rd period - Shot Blocked by Kris Letang.
8:17 of 3rd period - Wrist shot by Jordan Martinook.
8:17 of 3rd period - Shot Blocked by Vincent Trocheck.
8:36 of 3rd period - Vincent Trocheck is hit by Dmitry Kulikov and loses puck.
8:53 of 3rd period - Snap shot by Yanni Gourde.
8:53 of 3rd period - Shot Misses the Net.
9:02 of 3rd period - Icing by Dmitry Kulikov.
9:03 of 3rd period - Jamie Benn wins face-off versus Jeff Carter in Stars zone.
9:24 of 3rd period - Snap shot by Jamie Benn.
9:24 of 3rd period - Shot Blocked by Luke Schenn.
9:34 of 3rd period - Wrist shot by Jeff Carter.
9:34 of 3rd period - Goal by Jeff Carter - Red Wings : 3 - Stars : 2.
9:35 of 3rd period - Joe Pavelski wins face-off versus Vincent Trocheck in neutral zone.
9:50 of 3rd period - Slapshot by Evgenii Dadonov.
9:50 of 3rd period - Stopped by Igor Shesterkin without a rebound.
9:51 of 3rd period - Nick Bjugstad wins face-off versus Dylan Cozens in Red Wings zone.
10:18 of 3rd period - Vincent Trocheck is hit by Joe Pavelski and loses puck.
10:59 of 3rd period - Minor Penalty to Luke Schenn for Tripping.
11:00 of 3rd period - Casey Cizikas wins face-off versus Jamie Benn in Red Wings zone.
11:08 of 3rd period - Off-side.
11:09 of 3rd period - Jamie Benn wins face-off versus Casey Cizikas in neutral zone.
11:12 of 3rd period - Backhand shot by Mark Giordano.
11:12 of 3rd period - Deflect By Calle Jarnkrok.
11:12 of 3rd period - Stopped by Igor Shesterkin with a rebound.
11:14 of 3rd period - Slapshot by Evgenii Dadonov.
11:14 of 3rd period - Shot Blocked by Alec Martinez.
11:16 of 3rd period - Slapshot by Evgenii Dadonov.
11:16 of 3rd period - Goal by Evgenii Dadonov - Red Wings : 3 - Stars : 3.
11:17 of 3rd period - Jeff Carter wins face-off versus Joe Pavelski in neutral zone.
11:22 of 3rd period - Snap shot by Jeff Carter.
11:22 of 3rd period - Stopped by Philipp Grubauer with a rebound.
11:24 of 3rd period - Snap shot by Jeff Carter.
11:24 of 3rd period - Goal by Jeff Carter - Red Wings : 4 - Stars : 3.
11:25 of 3rd period - Kevin Hayes wins face-off versus Joe Pavelski in neutral zone.
11:42 of 3rd period - Slapshot by Shayne Gostisbehere.
11:42 of 3rd period - Shot Misses the Net.
12:15 of 3rd period - Snap shot by Mark Giordano.
12:15 of 3rd period - Shot Blocked by Brock Nelson.
12:46 of 3rd period - Wrist shot by Shayne Gostisbehere.
12:46 of 3rd period - Deflect By Owen Power.
12:46 of 3rd period - Stopped by Igor Shesterkin without a rebound.
12:47 of 3rd period - Joe Pavelski wins face-off versus Dylan Cozens in Red Wings zone.
13:11 of 3rd period - Icing by Dylan Cozens.
13:12 of 3rd period - Nick Bjugstad wins face-off versus Dylan Cozens in Red Wings zone.
14:09 of 3rd period - Wrist shot by Jamie Benn.
14:09 of 3rd period - Stopped by Igor Shesterkin with a rebound.
14:11 of 3rd period - Slapshot by Calle Jarnkrok.
14:11 of 3rd period - Shot Misses the Net.
14:13 of 3rd period - Wrist shot by Calle Jarnkrok.
14:13 of 3rd period - Deflect By Jamie Benn.
14:13 of 3rd period - Goal by Jamie Benn - Red Wings : 4 - Stars : 4.
14:14 of 3rd period - Joe Pavelski wins face-off versus Yegor Sharangovich in neutral zone.
14:41 of 3rd period - Luke Schenn is hit by Shayne Gostisbehere and loses puck.
15:06 of 3rd period - Wrist shot by Nick Bonino.
15:06 of 3rd period - Deflect By Liam O'Brien.
15:06 of 3rd period - Stopped by Igor Shesterkin without a rebound.
15:07 of 3rd period - Nick Bonino wins face-off versus Kevin Hayes in Red Wings zone.
15:19 of 3rd period - Yegor Sharangovich is hit by Liam O'Brien and loses puck.
15:44 of 3rd period - Slapshot by Sean Kuraly.
15:44 of 3rd period - Shot Misses the Net.
15:58 of 3rd period - Slapshot by Hampus Lindholm.
15:58 of 3rd period - Stopped by Philipp Grubauer with a rebound.
16:30 of 3rd period - Snap shot by Brady Tkachuk.
16:30 of 3rd period - Shot Hit the Post.
17:26 of 3rd period - Calle Jarnkrok is hit by Luke Schenn and loses puck.
18:06 of 3rd period - Joel Armia is hit by Luke Schenn.
18:28 of 3rd period - Jordan Staal is hit by Vincent Trocheck and loses puck.
18:39 of 3rd period - Snap shot by Vincent Trocheck.
18:39 of 3rd period - Stopped by Philipp Grubauer with a rebound.
19:37 of 3rd period - Snap shot by Nick Bjugstad.
19:37 of 3rd period - Deflect By Jordan Martinook.
19:37 of 3rd period - Stopped by Igor Shesterkin without a rebound.
19:38 of 3rd period - Kevin Hayes wins face-off versus Nick Bjugstad in Red Wings zone.
19:48 of 3rd period - Off-side.
19:49 of 3rd period - Kevin Hayes wins face-off versus Nick Bjugstad in neutral zone.
19:49 of 3rd period - Kevin Hayes is hit by Joel Armia.
Goals for this period are 3 for Red Wings vs 2 for Stars.
Shots for this period are 12 for Red Wings vs 15 for Stars.

Overtime #1


0:01 of 1st overtime period - Nick Bonino wins face-off versus Brady Tkachuk in neutral zone.
0:03 of 1st overtime period - Off-side.
0:04 of 1st overtime period - Nick Bonino wins face-off versus Brady Tkachuk in neutral zone.
0:53 of 1st overtime period - Wrist shot by Kevin Hayes.
0:53 of 1st overtime period - Stopped by Philipp Grubauer with a rebound.
0:55 of 1st overtime period - Backhand shot by Alec Martinez.
0:55 of 1st overtime period - Stopped by Philipp Grubauer without a rebound.
0:56 of 1st overtime period - Nick Bonino wins face-off versus Brady Tkachuk in Stars zone.
2:26 of 1st overtime period - Evgenii Dadonov is hit by Sean Kuraly and loses puck.
2:33 of 1st overtime period - Yegor Sharangovich is hit by Kris Letang and loses puck.
Goals for this period are 0 for Red Wings vs 0 for Stars.
Shots for this period are 2 for Red Wings vs 0 for Stars.

ShootOut


5:00 of 1st overtime period - Round #1.
5:00 of 1st overtime period - Red Wings, Brock Nelson.
5:00 of 1st overtime period - Snap shot by Brock Nelson.
5:00 of 1st overtime period - Shot Misses the Net.
5:00 of 1st overtime period - Stars, Jamie Benn.
5:00 of 1st overtime period - Backhand shot by Jamie Benn.
5:00 of 1st overtime period - Shot Hit the Post.
5:00 of 1st overtime period - Round #2.
5:00 of 1st overtime period - Red Wings, Brady Tkachuk.
5:00 of 1st overtime period - Backhand shot by Brady Tkachuk.
5:00 of 1st overtime period - Stopped by Philipp Grubauer.
5:00 of 1st overtime period - Stars, Joe Pavelski.
5:00 of 1st overtime period - Snap shot by Joe Pavelski.
5:00 of 1st overtime period - Stopped by Igor Shesterkin.
5:00 of 1st overtime period - Round #3.
5:00 of 1st overtime period - Red Wings, Dylan Cozens.
5:00 of 1st overtime period - Wrist shot by Dylan Cozens.
5:00 of 1st overtime period - Stopped by Philipp Grubauer.
5:00 of 1st overtime period - Stars, Shayne Gostisbehere.
5:00 of 1st overtime period - Wrist shot by Shayne Gostisbehere.
5:00 of 1st overtime period - Goal by Shayne Gostisbehere.